 Dungeon Crawl Stone Soup version 0.28-a0-1206-g193881aaa2 (webtiles) character file.

Game seed: 15044328588918788633

52 SensoryNuts the Skirmisher (level 3, -1/29 HPs)
             Began as a Demonspawn Fighter on Dec 20, 2021.
             Slain by an orc (4 damage)
             ... on level 3 of the Dungeon.
             The game lasted 00:02:18 (2033 turns).

SensoryNuts the Skirmisher (Demonspawn Fighter)     Turns: 2033, Time: 00:02:19

Health: -1/29      AC:  8    Str: 18    XL:     3   Next: 60%
Magic:  3/3        EV:  9    Int:  9    God:
Gold:   57         SH:  4    Dex: 12    Spells: 2/2 levels left

rFire   . . .      SeeInvis .   a - +0 long sword
rCold   . . .      Faith    .   c - +0 buckler
rNeg    . . .      Spirit   .   b - +0 scale mail
rPois   .          Reflect  .   (no helmet)
rElec   .          Harm     .   (no cloak)
rCorr   .          Rampage  .   (no gloves)
Will    .....                   (no boots)
Stlth   ..........              (no amulet)
HPRegen 0.09/turn               (no ring)
MPRegen 0.08/turn               (no ring)

@: mighty
A: slimy green scales 1, demonic magic 1
a: no special abilities


You were on level 3 of the Dungeon.
You visited 1 branch of the dungeon, and saw 3 of its levels.

You collected 113 gold pieces.
You spent 56 gold pieces at shops.

Inventory:

Hand Weapons
 a - a +0 long sword (weapon)
Armour
 b - a +0 scale mail (worn)
 c - a +0 buckler (worn)
Jewellery
 h - a ring of positive energy
Scrolls
 e - 2 scrolls of fog
 g - a scroll of amnesia
 i - a scroll of teleportation
Potions
 d - a potion of might
 f - 2 potions of curing {unknown}


   Skills:
 + Level 3.3 Fighting
 + Level 2.3 Long Blades
 + Level 3.0 Armour
 + Level 1.3 Dodging
 + Level 0.2 Stealth
 + Level 2.8 Shields


You had 2 spell levels left.
You didn't know any spells.
Your spell library was empty.

Dungeon Overview and Level Annotations

Branches:
Dungeon (3/15)

Altars:

Shops:
D:2 !


Innate Abilities, Weirdness & Mutations

You are partially covered in slimy green scales. (AC +2)
Spells you cast may paralyse adjacent enemies.


Message History

A giant cockroach is nearby!
A giant cockroach is nearby!
A giant cockroach is nearby!
A giant cockroach is nearby!
An orc comes into view. It is wielding a +0 dagger.
The orc shouts!
An endoplasm comes into view.
You hit the giant cockroach.
You kill the giant cockroach!
Your Armour skill increases to level 3!
You see here a giant cockroach corpse.
You hit the orc.
The orc is moderately wounded.
The orc hits you with a +0 dagger.
The endoplasm hits you but does no damage.
The orc hits you with a +0 dagger.
You barely miss the orc.
The orc is moderately wounded.
The endoplasm hits you. The orc hits you with a +0 dagger.
You hit the orc but do no damage.
The orc is moderately wounded.
The endoplasm freezes you.
You are frozen.
The orc barely misses you.
You barely miss the orc.
The orc is moderately wounded.
The endoplasm freezes you.
You are frozen.
The orc hits you but does no damage.
A scorpion comes into view.
The endoplasm freezes you.
You are frozen.
* * * LOW HITPOINT WARNING * * *
The orc hits you but does no damage.
You feel very mighty all of a sudden. The endoplasm freezes you.
You are frozen.
* * * LOW HITPOINT WARNING * * *
The orc barely misses you.
You barely miss the endoplasm. The endoplasm closely misses you.
The orc hits you with a +0 dagger.
You die...

#. ...#
#.#...#####
....... ..#
##..s..###.#
#.......##.#
#.?.....##.# #
#..oJ...##<#
#.#.#@..# #.#
#.#.#...# #.#
#:......# #.#
#..!.$..# #.#
#.......# #.#
#.......# #.#
#......#####.#
#............#
####..########


You could see a scorpion, an orc and an endoplasm.

Vanquished Creatures
  2 adders (D:2)
  2 worms (D:2)
  An endoplasm (D:3)
  2 giant cockroaches
  3 goblins (D:2)
  A hobgoblin (D:2)
  2 quokkas (D:1)
  4 ball pythons
  3 bats
  5 frilled lizards
  2 kobolds
  2 rats
29 creatures vanquished.

Notes
Turn   | Place    | Note
-------+----------+-------------------------------------------
     0 | D:1      | SensoryNuts the Demonspawn Fighter began the quest for the
                  | Orb.
     0 | D:1      | Reached XP level 1. HP: 18/18 MP: 1/1
   548 | D:1      | Found a faded altar of an unknown god.
   800 | D:1      | Gained mutation: Spells you cast may paralyse adjacent
                  | enemies. [demonic ancestry]
   800 | D:1      | Reached XP level 2. HP: 16/24 MP: 2/2
  1097 | D:2      | Reached skill level 1 in Dodging
  1100 | D:2      | Gained mutation: You are partially covered in slimy green
                  | scales. (AC +2) [demonic ancestry]
  1100 | D:2      | Reached XP level 3. HP: 5/29 MP: 3/3
  1961 | D:2      | Found Tipoast's Distillery.
  1971 | D:2      | Bought a potion of might for 56 gold pieces
  2031 | D:3      | Noticed a scorpion
  2033 | D:3      | Slain by an orc

Illustrated notes

Levels and vault maps discovered:
D:1:      amcnicky_arrival_gap_in_the_tavern_cellar, layout_loops_ring,
          hellmonk_ecumenical_altar_inner_sanctum
D:2:      layout_basic, serial_shops, nicolae_lakefront_shop
D:3:      layout_loops_ring, nzn_wu_jian_council_hall, serial_shops,
          nicolae_shop_statue_plus, minmay_hedge_maze, st_stairs_7,
          chequers_serial_rivers_small_3

Skill      XL: |  1  2  3 |
---------------+----------+-----
Long Blades    | 2 |  2.3
Dodging        | 1 |  1.3
Armour         | 3 |  3.0
Fighting       | |  3.3
Stealth        | |  0.2
Shields        | |  2.8

Action                   || total
-------------------------++-------
Melee: Long sword        ||   125
  Use: Scroll            ||     4
       Potion            ||     1
Armor: Scale mail        ||    59
Dodge: Dodged            ||    65
Block: Buckler           ||    38

Table legend: (Time is in decaauts)
 A = Elapsed time spent in this place.
 B = Non-inter-level travel time spent in this place.
 C = Inter-level travel time spent in this place.
 D = Time resting spent in this place.
 E = Time spent auto-exploring this place.
 F = Levels seen in this place.
 G = Mean time per level.
                   A        B        C        D        E       F      G
               +--------+--------+--------+--------+--------+-----+--------+
         Total |   2073 |   2027 |     46 |      0 |   1730 |   3 |  691.0 |
       Dungeon |   2073 |   2027 |     46 |      0 |   1730 |   3 |  691.0 |
               +--------+--------+--------+--------+--------+-----+--------+

Top non-repeatable levels by time:
     D:1: 1048 daAuts
     D:2: 991 daAuts
     D:3: 34 daAuts
